Map: 光影交错-天梯版

Players

iGXiGua (XiGua) - Winner!

  • Race: Zerg Zerg

iGXY (XY)

  • Race: Terran Terran

Event: DreamHack SC2 Masters 2020 Winter

VOD

Have the link to the VOD?

Description

Time

  • Played on: Oct. 14, 2020, 8:21 a.m.
  • Length: 23:38

All games in this series

Show
View Real Time Build Order
Export as new Build Order

iGXiGua Zerg - Winner!

Build Orders: Hatch First 

Get SALT Encoding   

  12  0:00  Drone  
  13  0:12  Overlord  
  13  0:17  Drone  
  14  0:31  Drone x2  
  16  0:48  Hatchery  
  15  0:51  Drone  
  15  0:55  Drone  
  17  0:59  Drone  
  18  1:09  Extractor  
  17  1:13  Spawning Pool  
  17  1:16  Drone  
  17  1:20  Drone  
  18  1:27  Drone  
  19  1:38  Drone  
  20  1:49  Drone  
  21  2:00  Queen x2  
  21  2:01  Zergling x4  
  27  2:13  Hatchery  
  26  2:18  Overlord  
  26  2:21  Drone  
  27  2:24  Drone  
  28  2:36  Queen  
  29  2:38  Metabolic Boost  
  29  2:47  Overlord  
  29  2:49  Drone x3  
  32  2:52  Drone  
  32  2:55  Drone  
  34  2:58  Drone  
  35  3:05  Drone  
  36  3:14  Queen  
  36  3:18  Drone  
  36  3:19  Drone  
  41  3:20  Drone x2  
  41  3:23  Drone  
  43  3:28  Overlord  
  43  3:30  Drone  
  43  3:32  Drone  
  45  3:37  Drone  
  45  3:41  Overlord  
  46  3:46  Overlord  
  46  3:47  Drone x3, Queen  
  51  3:49  Drone  
  51  3:53  Queen  
  51  3:55  Zergling x4  
  56  3:58  Drone x2  
  56  4:01  Drone  
  59  4:04  Drone  
  59  4:06  Drone  
  59  4:07  Overlord  
  61  4:10  Drone  
  61  4:16  Drone  
  63  4:17  Roach Warren  
  63  4:19  Zergling x4  
  63  4:22  Lair  
  64  4:24  Drone, Extractor  
  64  4:26  Drone  
  64  4:27  Drone  
  64  4:29  Zergling x2  
  64  4:30  Zergling x2  
  69  4:31  Drone  
  69  4:39  Drone  
  69  4:40  Drone  
  69  4:41  Drone  
  69  4:44  Extractor  
  69  4:45  Drone x3, Extractor  
  73  4:46  Extractor x2  
  73  4:52  Overlord  
  71  4:54  Drone x2, Spore Crawler  
  71  4:55  Spore Crawler  
  71  4:56  Drone x3  
  71  4:57  Spore Crawler  
  73  5:03  Roach x2  
  73  5:07  Roach x2  
  81  5:08  Overlord  
  81  5:09  Overlord  
  81  5:14  Drone  
  81  5:19  Drone x2  
  83  5:21  Roach x3  
  88  5:28  Queen, Spire  
  88  5:33  Drone  
  88  5:34  Glial Reconstitution  
  90  5:36  Drone  
  90  5:37  Drone  
  90  5:38  Drone  
  93  5:45  Evolution Chamber  
  93  5:47  Evolution Chamber  
  91  5:51  Drone x7  
  91  5:54  Drone  
  97  5:57  Drone  
  97  5:59  Drone  
  95  6:07  Drone x2, Spore Crawler  
  95  6:11  Drone x4  
  96  6:15  Zerg Ground Armor Level 1, Zerg Missile Weapons Level 1  
  99  6:29  Hatchery  
  98  6:33  Overlord x3  
  97  6:44  Corruptor x4  
  97  6:47  Corruptor  
  104  6:50  Overlord  
  104  6:54  Corruptor  
  105  6:56  Corruptor  
  105  6:59  Corruptor  
  111  7:07  Corruptor x2  
  114  7:10  Corruptor  
  114  7:14  Roach x3  
  122  7:17  Roach x2  
  122  7:19  Overlord  
  126  7:24  Roach x2  
  126  7:25  Roach, Overseer  
  132  7:31  Roach x2  
  132  7:35  Overlord, Ravager  
  132  7:36  Overlord  
  137  7:37  Overlord  
  137  7:39  Roach  
  137  7:40  Roach  
  143  7:44  Roach x2  
  143  7:45  Ravager x2  
  143  7:47  Overlord  
  143  7:50  Roach x2  
  151  7:53  Overlord  
  151  7:54  Overlord  
  151  7:57  Roach  
  151  7:58  Roach  
  155  8:00  Ravager  
  155  8:02  Drone x3  
  155  8:04  Drone  
  160  8:08  Roach x3  
  160  8:10  Ravager x2  
  168  8:19  Roach  
  180  8:20  Roach x5  
  180  8:23  Roach x2  
  184  8:30  Roach x3  
  190  8:34  Extractor  
  190  8:35  Roach  
  190  8:36  Overlord  
  190  8:39  Overlord  
  191  8:46  Overlord, Ravager x4  
  191  8:59  Zergling x18  
  191  9:00  Zergling x8  
  191  9:02  Roach x5  
  165  9:13  Roach x2  
  165  9:14  Roach x2  
  149  9:20  Drone  
  145  9:31  Corruptor  
  145  9:32  Corruptor x4  
  154  9:38  Corruptor  
  154  9:40  Extractor  
  154  9:41  Corruptor  
  157  9:49  Corruptor  
  157  9:52  Roach x3  
  165  9:53  Hatchery  
  165  9:57  Ravager  
  165  9:58  Ravager  
  165  9:59  Roach  
  168  10:05  Roach x4  
  176  10:09  Roach x3  
  176  10:12  Ravager  
  183  10:16  Roach x4  
  191  10:26  Corruptor x2  
  186  10:35  Corruptor x2  
  163  10:40  Corruptor  
  159  10:46  Drone x10  
  161  10:51  Zerg Missile Weapons Level 2  
  161  10:55  Corruptor  
  161  10:56  Corruptor  
  163  11:01  Corruptor  
  167  11:09  Ravager x2  
  167  11:11  Roach x4  
  177  11:16  Drone  
  177  11:17  Drone  
  177  11:18  Roach x2  
  183  11:20  Ravager  
  183  11:21  Ravager  
  185  11:25  Spine Crawler  
  185  11:26  Roach x3  
  185  11:32  Zerg Melee Weapons Level 1  
  190  11:34  Baneling Nest  
  190  11:36  Zergling x2  
  190  11:37  Zergling x12  
  196  11:40  Zerg Flyer Weapons Level 1  
  196  11:43  Zergling x8  
  196  11:45  Pneumatized Carapace  
  178  11:58  Roach x9  
  174  12:05  Drone x6  
  172  12:15  Drone x6  
  172  12:16  Drone x3  
  172  12:19  Drone x2  
  172  12:20  Drone  
  174  12:24  Baneling Nest  
  166  12:30  Drone x5  
  166  12:31  Drone x2  
  173  12:37  Corruptor x2  
  173  12:41  Corruptor  
  179  12:44  Ravager x3  
  179  12:45  Ravager x2  
  179  12:46  Zergling x6  
  187  12:53  Corruptor x2  
  191  13:00  Zergling x18  
  191  13:05  Infestation Pit  
  199  13:09  Centrifical Hooks  
  199  13:12  Zergling x2  
  200  13:19  Zerg Ground Armor Level 2  
  200  13:23  Extractor x2  
  200  13:25  Hatchery  
  195  13:34  Drone x5  
  195  13:40  Corruptor x3  
  199  13:42  Drone  
  200  13:54  Zerg Melee Weapons Level 2  
  200  13:56  Hive  
  200  14:01  Drone x4  
  200  14:05  Baneling x7  
  200  14:06  Baneling x3  
  198  14:17  Drone x2  
  200  14:29  Hatchery  
  200  14:30  Hatchery  
  198  14:32  Corruptor  
  200  14:50  Zerg Flyer Weapons Level 2  
  199  14:59  Baneling  
  199  15:00  Baneling x7  
  199  15:03  Drone, Baneling x2  
  172  15:26  Roach x2  
  172  15:27  Roach x9  
  172  15:28  Roach  
  184  15:32  Zergling x46  
  198  15:36  Zerg Ground Armor Level 3  
  198  15:37  Zergling x4  
  196  15:45  Zergling x8  
  196  15:47  Overlord  
  200  15:56  Baneling x26  
  200  15:58  Adrenal Glands  
  200  16:00  Ultralisk Cavern  
  200  16:03  Drone  
  200  16:09  Drone x2, Spine Crawler  
  200  16:10  Spine Crawler  
  188  16:21  Zergling x34  
  188  16:24  Roach x8  
  195  16:30  Ravager x4  
  199  16:36  Zerg Missile Weapons Level 3  
  182  16:57  Spine Crawler x2  
  158  17:06  Drone x3  
  158  17:07  Drone x2, Ravager  
  158  17:08  Ravager x7  
  166  17:09  Roach x16  
  166  17:14  Drone x2  
  197  17:16  Zergling x2  
  197  17:17  Zergling x6  
  197  17:22  Zergling x14  
  199  17:25  Chitinous Plating  
  198  17:53  Zergling x2  
  187  18:07  Drone x3  
  187  18:09  Drone x5  
  187  18:11  Drone  
  194  18:13  Zerg Melee Weapons Level 3  
  194  18:16  Zergling x12  
  200  18:22  Zergling x2  
  200  18:23  Zergling x4  
  200  18:38  Zerg Flyer Armor Level 1  
  196  18:44  Anabolic Synthesis  
  196  18:47  Extractor x2  
  190  18:53  Mutalisk  
  190  18:54  Mutalisk x13  
  199  18:58  Mutalisk x2  
  192  19:04  Mutalisk x6  
  196  19:12  Spine Crawler  
  189  19:17  Mutalisk x9  
  189  19:19  Zergling x2  
  189  19:20  Zergling x12  
  200  19:28  Spine Crawler  
  195  19:32  Mutalisk x2  
  185  19:41  Drone x18  
  185  19:43  Zergling x14  
  198  19:46  Extractor  
  198  19:49  Hatchery  
  198  19:52  Zergling x6  
  179  20:12  Zergling x28  
  180  20:27  Zergling x24  
  187  20:32  Zergling x14  
  143  21:04  Roach x25  
  143  21:05  Roach  
  143  21:09  Extractor x2  
  143  21:11  Roach, Spine Crawler x2  
  192  21:17  Spine Crawler  
  192  21:18  Roach x4  
  198  21:30  Ravager x3  
  199  21:33  Baneling x11  
  199  21:44  Baneling x6  
  199  21:55  Extractor, Spine Crawler x2  
  199  21:56  Spine Crawler  
  199  21:58  Zergling x10, Spine Crawler x2  
  199  22:00  Spine Crawler  
  186  22:15  Roach x8, Zergling x28  
  188  22:17  Roach x2, Zergling x2  
  188  22:18  Roach  
  169  22:29  Roach x7  
  178  22:31  Queen  
  176  22:40  Roach x8  
  176  22:41  Roach x2  
  196  22:46  Ravager x4  
  192  23:11  Zergling x28  
Show
View Real Time Build Order
Export as new Build Order

iGXY Terran 

Build Orders: Reaper Expand, Mech 

Get SALT Encoding   

  12  0:00  SCV  
  13  0:12  SCV  
  14  0:17  Supply Depot  
  14  0:24  SCV  
  15  0:38  SCV  
  15  0:40  Barracks  
  16  0:44  Refinery  
  16  0:50  SCV  
  17  1:02  SCV  
  18  1:14  SCV  
  19  1:29  Orbital Command  
  19  1:30  Reaper  
  20  1:38  Command Center  
  20  1:52  Supply Depot  
  20  1:54  SCV  
  21  2:01  Marine  
  21  2:06  SCV  
  23  2:09  Factory  
  23  2:18  Refinery  
  23  2:19  SCV  
  23  2:22  Barracks Reactor  
  24  2:31  SCV  
  25  2:43  SCV  
  25  2:44  Command Center  
  26  2:52  Orbital Command  
  26  2:55  SCV  
  27  3:01  Starport  
  27  3:07  SCV  
  27  3:10  Marine  
  29  3:19  SCV x2  
  31  3:21  Hellion  
  31  3:22  Hellion  
  35  3:31  SCV  
  35  3:33  SCV  
  37  3:38  Fusion Core  
  37  3:43  SCV  
  37  3:45  SCV  
  39  3:49  Hellion  
  39  3:50  Hellion  
  43  3:55  SCV  
  43  3:57  SCV, Starport Tech Lab  
  43  3:58  Orbital Command  
  45  4:06  Supply Depot  
  45  4:07  SCV  
  46  4:11  SCV, Hellion x2  
  51  4:20  SCV  
  51  4:23  SCV  
  53  4:25  Orbital Command  
  53  4:27  Battlecruiser  
  59  4:32  SCV  
  59  4:35  SCV  
  59  4:38  Refinery, Hellion  
  63  4:39  Refinery  
  63  4:40  Hellion  
  63  4:44  SCV, Supply Depot  
  65  4:47  Supply Depot  
  65  4:48  SCV  
  66  4:53  Armory  
  66  4:55  SCV  
  66  4:56  SCV  
  68  5:05  SCV  
  68  5:06  Hellion x2  
  73  5:07  SCV, Supply Depot  
  73  5:08  SCV  
  73  5:10  Supply Depot  
  75  5:17  SCV  
  75  5:19  SCV  
  75  5:20  SCV  
  77  5:28  Hellion x2  
  80  5:29  SCV  
  80  5:31  SCV  
  80  5:32  SCV  
  83  5:38  Factory x2  
  83  5:41  SCV  
  84  5:44  SCV  
  86  5:52  Armory  
  86  5:54  SCV  
  86  5:55  SCV  
  85  6:00  SCV  
  86  6:07  SCV  
  86  6:09  Hellion x2  
  86  6:11  SCV  
  92  6:12  SCV  
  92  6:15  Engineering Bay  
  93  6:19  SCV  
  93  6:20  Refinery  
  93  6:21  Supply Depot, Factory Tech Lab x2  
  93  6:23  SCV  
  93  6:25  Refinery  
  95  6:27  Battlecruiser  
  95  6:28  Supply Depot  
  101  6:40  Terran Vehicle And Ship Armor Level 1, Terran Vehicle Weapons Level 1  
  101  6:41  SCV  
  101  6:42  SCV x2  
  101  6:44  Supply Depot  
  102  6:53  Siege Tank x2  
  108  6:54  Widow Mine x2  
  108  6:55  SCV x3  
  108  6:56  Weapon Refit  
  115  7:07  SCV x2  
  117  7:09  Factory  
  117  7:11  Factory  
  117  7:13  Missile Turret  
  117  7:14  Missile Turret x2, SCV  
  118  7:19  SCV x2  
  120  7:25  Siege Tank  
  120  7:26  Hellion  
  125  7:34  Supply Depot  
  125  7:35  Supply Depot  
  125  7:40  Command Center  
  125  7:47  Missile Turret  
  125  7:51  Missile Turret  
  125  7:53  Supply Depot, Missile Turret  
  125  7:55  SCV, Siege Tank  
  125  7:56  Factory Reactor, Hellion  
  125  7:57  Siege Tank  
  134  8:00  Supply Depot  
  134  8:03  Supply Depot, Factory Tech Lab  
  134  8:05  Supply Depot  
  134  8:07  Hellion  
  134  8:11  SCV  
  134  8:12  SCV x2, Supply Depot  
  139  8:13  Supply Depot  
  139  8:17  Hellion  
  141  8:21  Hellion  
  141  8:26  Battlecruiser  
  149  8:28  Siege Tank, Hellion  
  153  8:36  Terran Vehicle Weapons Level 2, Terran Vehicle And Ship Armor Level 2  
  153  8:38  Hellion x2  
  157  8:46  Missile Turret  
  157  8:50  Missile Turret  
  157  8:51  Missile Turret  
  157  8:54  Thor  
  144  9:03  Thor  
  111  9:23  Hellion  
  111  9:24  Hellion x3  
  116  9:25  SCV x3  
  119  9:37  SCV x2  
  121  9:39  Siege Tank  
  121  9:43  Siege Tank  
  127  9:46  Siege Tank  
  127  9:47  Hellion  
  127  9:50  Missile Turret, Refinery  
  132  9:53  Missile Turret x2, Refinery  
  132  9:54  Planetary Fortress  
  132  9:58  SCV x3  
  135  10:04  Supply Depot  
  135  10:06  Missile Turret  
  135  10:10  SCV x3  
  135  10:14  Siege Tank  
  141  10:15  Siege Tank, Hellion x2  
  141  10:16  Hellion  
  150  10:21  Siege Tank  
  151  10:30  SCV x2  
  151  10:39  Hellion  
  151  10:40  Hellion x2  
  151  10:42  Hellion  
  157  10:46  Siege Tank  
  157  10:47  Siege Tank  
  162  10:54  SCV x2, Orbital Command, Hellion x12  
  166  11:00  Infernal Pre-Igniter, Smart Servos, Refinery  
  166  11:01  Hellion  
  168  11:06  SCV x2  
  170  11:12  Terran Vehicle Weapons Level 3  
  170  11:18  SCV x2  
  171  11:22  SCV  
  171  11:23  Sensor Tower  
  173  11:30  SCV x2  
  175  11:33  Command Center  
  175  11:34  SCV  
  176  11:42  SCV x2  
  176  11:46  Missile Turret  
  179  11:50  Siege Tank x3, Orbital Command  
  180  11:54  SCV x2  
  172  12:05  Missile Turret  
  172  12:08  Missile Turret  
  163  12:09  Sensor Tower  
  161  12:18  SCV  
  161  12:22  Siege Tank x2  
  162  12:25  Siege Tank  
  153  12:32  Hellion x2  
  153  12:33  Hellion x2  
  161  12:38  Command Center  
  161  12:39  Terran Vehicle And Ship Armor Level 3  
  161  12:41  SCV x3  
  164  12:53  SCV x2  
  164  12:54  SCV, Siege Tank, Hellion x3  
  176  13:17  Missile Turret, Sensor Tower  
  176  13:18  Missile Turret, Siege Tank  
  176  13:19  Siege Tank, Missile Turret  
  182  13:20  Command Center, Hellion  
  184  13:32  Factory  
  182  13:34  Factory  
  182  13:35  Factory  
  182  13:39  Siege Tank  
  182  13:40  Hellion  
  182  13:41  Hellion x2  
  185  13:42  Hellion  
  187  13:49  Terran Ship Weapons Level 1  
  187  13:52  Thor x2  
  199  14:14  Missile Turret  
  198  14:33  Missile Turret x2  
  198  14:34  Missile Turret x2  
  198  14:35  Refinery, Command Center  
  198  14:36  Refinery  
  198  14:41  Orbital Command  
  196  14:46  Planetary Fortress  
  196  14:52  Missile Turret  
  196  15:02  Factory Tech Lab x3  
  188  15:21  Siege Tank x6  
  186  15:22  Hellion x2  
  199  15:31  Advanced Ballistics  
  199  15:32  SCV  
  199  15:33  Starport, SCV  
  193  15:36  Missile Turret  
  193  15:37  Missile Turret x2  
  193  15:40  Sensor Tower  
  193  15:45  Starport Reactor  
  193  15:47  Missile Turret x2  
  193  15:48  Missile Turret  
  193  15:56  Orbital Command  
  193  15:57  Terran Ship Weapons Level 2  
  193  16:06  Siege Tank x2  
  194  16:22  Siege Tank x4  
  188  16:26  Widow Mine x2  
  192  16:44  Thor x2  
  189  16:54  Hellion x5  
  193  17:03  SCV x5  
  189  17:15  SCV x4  
  191  17:20  Siege Tank x2  
  199  17:25  Missile Turret  
  199  17:27  Missile Turret  
  196  17:39  Siege Tank x2  
  187  18:03  SCV  
  178  18:10  Siege Tank x2  
  184  18:16  Orbital Command  
  184  18:18  Command Center  
  184  18:24  Starport Reactor  
  181  18:32  Refinery  
  181  18:38  SCV, Orbital Command, Sensor Tower  
  181  18:39  SCV  
  181  18:41  Missile Turret  
  183  18:44  Sensor Tower  
  183  18:56  Siege Tank x3, Hellion  
  183  18:59  Thor x2  
  192  19:03  Orbital Command  
  180  19:25  Missile Turret  
  180  19:26  Missile Turret  
  180  19:28  Missile Turret  
  180  19:31  Missile Turret  
  184  19:38  Thor  
  184  19:39  Thor x2  
  190  19:48  Thor  
  169  19:58  Thor  
  163  20:08  Thor  
  147  20:21  Thor  
  147  20:27  Thor  
  147  20:28  Thor  
  155  20:38  Thor  
  148  20:43  SCV x2  
  148  20:48  SCV  
  138  20:54  SCV  
  138  20:55  SCV x2  
  135  20:57  SCV  
  135  21:02  SCV  
  129  21:13  Missile Turret  
  129  21:14  SCV  
  127  21:31  SCV x3  
  131  21:32  SCV  
  131  21:36  SCV  
  132  21:43  SCV x3  
  135  21:47  SCV  
  135  21:48  SCV  
  137  21:55  SCV x2  
  137  22:00  SCV  
  140  22:08  Orbital Command  
  136  22:13  Siege Tank x2  
  113  22:20  SCV  
  106  22:28  SCV x2  
  108  22:32  SCV  
  108  22:37  Missile Turret  
  108  22:38  SCV  
  108  22:42  SCV  
  110  22:47  SCV x2  
  110  22:50  SCV  
  113  22:55  Siege Tank  
  113  22:57  SCV  
  113  23:06  SCV  
  113  23:09  SCV  
  97  23:21  SCV  
Tags
 
Add a new tag
Caveats
  • Supply blocks, unpowered buildings, or Contaminate may cause inaccurate times.
  • Supply counts are checked every 10 seconds.